 Dungeon Crawl Stone Soup version 0.20-a0-870-g4070442 (console) character file.

242 hittembot the Chopper (level 5, 17/47 HPs)
             Began as a Minotaur Fighter on Mar 13, 2017.
             Quit the game on level 4 of the Dungeon.
             The game lasted 00:03:42 (2839 turns).

hittembot the Chopper (Minotaur Fighter)            Turns: 2839, Time: 00:03:42

Health: 17/47      AC:  7    Str: 20    XL:     5   Next: 81%
Magic:  4/4        EV:  7    Int:  5    God:
Gold:   129        SH:  9    Dex: 11    Spells: 4/4 levels left

rFire    . . .     SeeInvis .   a - +0 war axe
rCold    . . .     Gourm    .   b - +0 scale mail
rNeg     . . .     Faith    .   c - +0 shield
rPois    .         Spirit   .   (helmet restricted)
rElec    .         Reflect  .   (no cloak)
rCorr    .         Harm     .   (no gloves)
MR       .....                  (no boots)
Stlth    ..........             (no amulet)
Regen    0.2/turn               (no ring)
MPRegen  0.1/turn               (no ring)

@: lethally poisoned (17 -> -5)
A: retaliatory headbutt, horns 2
a: no special abilities


You were on level 4 of the Dungeon.
You were not hungry.

You visited 1 branch of the dungeon, and saw 4 of its levels.

You collected 129 gold pieces.

Inventory:

Hand Weapons
 a - a +0 war axe (weapon)
Armour
 b - a +0 scale mail (worn)
 c - a +0 shield (worn)
Jewellery
 o - an uncursed amulet of faith {unknown}
 q - a +2 amulet of reflection {unknown}
Scrolls
 e - 3 scrolls of identify {unknown}
 i - 3 scrolls of remove curse {unknown}
 l - 2 scrolls of fog {unknown}
 n - 3 scrolls of teleportation {unknown}
 r - a scroll of immolation {unknown}
 s - 2 scrolls of magic mapping {unknown}
Potions
 d - a potion of might
 h - 2 potions of curing {unknown}
 j - a potion of degeneration {unknown}
 k - a potion of berserk rage {unknown}
Comestibles
 f - 2 bread rations
 g - 4 chunks of flesh
 m - 2 royal jellies
 p - 4 fruits


   Skills:
 + Level 4.6 Fighting
 + Level 5.3 Axes
 + Level 4.7 Armour
 + Level 0.7 Dodging
 + Level 4.4 Shields


You had 4 spell levels left.
You didn't know any spells.

Dungeon Overview and Level Annotations

Branches:
Dungeon (4/15)             Temple (0/1) D:4

Altars:
Fedhas


Innate Abilities, Weirdness & Mutations

You reflexively headbutt those who attack you in melee.
You have a pair of horns on your head.


Message History

There is a lethal amount of poison in your body!
There is a lethal amount of poison in your body!
There is a lethal amount of poison in your body!
There is a lethal amount of poison in your body!
There is a lethal amount of poison in your body!
There is a lethal amount of poison in your body!
There is a lethal amount of poison in your body!
There is a lethal amount of poison in your body!
There is a lethal amount of poison in your body!
There is a lethal amount of poison in your body!
There is a lethal amount of poison in your body!
There is a lethal amount of poison in your body!
There is a lethal amount of poison in your body!
There is a lethal amount of poison in your body!
There is a lethal amount of poison in your body!
There is a lethal amount of poison in your body!
There is a lethal amount of poison in your body!
There is a lethal amount of poison in your body!
There is a lethal amount of poison in your body!
Are you sure you want to abandon this character and quit the game? (Confirm with "yes".)

.. .# ..# .###
### .#.# ... #..
..#.> # ..# #.# #
#.#.#.#..# #.#
#..#.#.#...# #.#
#...#.#.†.# #.#
#.....!.@.#
####.# ##..##...#
.....#
#......######
###.##
#..##.......a$
#.#
#..##.#####...
#.# #.....#
###.### ##..##.#
#.....# ##.#.##.#
#.###.###(###....


There were no monsters in sight!

Vanquished Creatures
  An orc wizard (D:3)
  An iguana (D:4)
  Ijyb (D:3)
  A worker ant (D:4)
  4 adders
  An ooze (D:1)
  An adder skeleton (D:4)
  2 worms
  3 dart slugs
  3 leopard geckos
  5 orcs (D:3)
  6 bats
  3 giant cockroaches
  9 goblins
  10 hobgoblins
  2 jackals (D:1)
  2 ball pythons
  8 frilled lizards
  5 kobolds
  15 rats
83 creatures vanquished.

Notes
Turn   | Place    | Note
-------+----------+-------------------------------------------
     0 | D:1      | hittembot the Minotaur Fighter began the quest for the Orb.
     0 | D:1      | Reached XP level 1. HP: 19/19 MP: 0/0
   141 | D:1      | Reached XP level 2. HP: 22/27 MP: 1/1
   557 | D:1      | Reached skill level 3 in Axes
   606 | D:1      | Reached XP level 3. HP: 33/33 MP: 2/2
  1329 | D:2      | Reached XP level 4. HP: 36/40 MP: 3/3
  1640 | D:2      | Reached skill level 4 in Axes
  1974 | D:3      | Found a blossoming altar of Fedhas.
  2047 | D:3      | Reached XP level 5. HP: 33/46 MP: 4/4
  2568 | D:3      | Reached skill level 5 in Axes
  2605 | D:3      | Noticed Ijyb
  2617 | D:3      | Killed Ijyb
  2824 | D:4      | Found a staircase to the Ecumenical Temple.
  2839 | D:4      | Quit the game

Vault maps used:
D:1:      eino_arrival_water_cross, minmay_close_crescents
D:2:      kennysheep_big_flooded_room, corexii_item_surrounded_by_moat,
          columned_hall_lemuel, minmay_heptomino_w4
D:3:      lemuel_round_altar, uniq_iyjb
D:4:      minmay_temple_entry_grid, kennysheep_generic_room_7, uniq_menkaure

Skill      XL: |  1  2  3  4  5 |
---------------+----------------+-----
Shields        | 4 |  4.4
Fighting       | 4 |  4.6
Axes           | 3 4 5 |  5.3
Armour         | 4 |  4.7
Dodging        | |  0.7

Action                   |  1- 3 |  4- 6 || total
-------------------------+-------+-------++-------
Melee: War axe           |   112 |    89 ||   201
       Headbutt          |    13 |    14 ||    27
  Eat: Chunk             |     1 |     5 ||     6
Armor: Scale mail        |    54 |    30 ||    84
Dodge: Dodged            |    24 |    23 ||    47
Block: Shield            |    63 |    39 ||   102
